 Dungeon Crawl Stone Soup version 0.30.1-11-g7821555f0a (webtiles) character file.

Game seed: 4793226358675014215

1318 Peloso the Slasher (level 8, 0/70 HPs)
             Began as a Minotaur Fighter on Dec 9, 2023.
             Was a Believer of Okawaru.
             Killed from afar by an orc wizard (9 damage)
             ... with a magic dart
             ... on level 6 of the Dungeon.
             The game lasted 00:10:53 (5441 turns).

Peloso the Slasher (Minotaur Fighter)               Turns: 5441, Time: 00:10:53

Health: 0/70       AC: 13    Str: 22    XL:     8   Next: 33%
Magic:  6/7        EV:  6    Int:  5    God:    Okawaru [**....]
Gold:   60         SH:  9    Dex: 11    Spells: 7/7 levels left

rFire   . . .        a - +0 long sword
rCold   . . .        d - +0 kite shield
rNeg    . . .        i - +0 plate armour
rPois   .            (helmet restricted)
rElec   .            (no cloak)
rCorr   .            (no gloves)
SInv    .            (no boots)
Will    .....        (no amulet) Stlth
                     (no ring)
HPRegen 0.31/turn    (no ring)
MPRegen 0.10/turn

%: no passive effects
@: no status effects
A: horns 2, retaliatory headbutt
a: Renounce Religion, Heroism


You were on level 6 of the Dungeon.
You worshipped Okawaru.
Okawaru was pleased with you.
You visited 2 branches of the dungeon, and saw 7 of its levels.

You collected 295 gold pieces.
You spent 235 gold pieces at shops.

Inventory:

Hand Weapons
 a - a +0 long sword (weapon)
 b - a +1 hand axe of flaming
Armour
 d - a +0 kite shield (worn)
 i - a +0 plate armour (worn)
 l - a +0 scale mail
 n - a +0 chain mail
Jewellery
 v - an amulet of magic regeneration
 A - a ring of wizardry
 C - a ring of protection from fire
Wands
 m - a wand of polymorph (4)
 F - a wand of paralysis (3)
Scrolls
 f - a scroll of fear
 j - a scroll of blinking
 k - a scroll of acquirement
 o - a scroll of identify
 r - a scroll of enchant weapon
 s - 3 scrolls of teleportation
 x - a scroll of enchant armour
 y - a scroll of immolation
 B - a scroll of fog
 D - a scroll of silence
Potions
 c - a potion of lignification
 g - a potion of flight
 h - a potion of cancellation {unknown}
 p - a potion of might
 q - a potion of haste
 t - 3 potions of mutation
 u - 2 potions of brilliance {unknown}
 w - 2 potions of attraction {unknown}
 z - a potion of magic {unknown}
 G - a potion of heal wounds {unknown}


   Skills:
 + Level 6.2 Fighting
 + Level 7.7 Long Blades
 + Level 7.4 Armour
 + Level 2.6 Dodging
 + Level 0.4 Stealth
 + Level 5.2 Shields
 + Level 0.1 Unarmed Combat
 + Level 0.1 Invocations
 + Level 0.2 Evocations


You had 7 spell levels left.
You didn't know any spells.
Your spell library contained the following spells:

 Spells                   Type           Power      Damage    Failure   Level
 Blink                    Tloc           0%         N/A       100%        2
 Lesser Beckoning         Tloc           0%         N/A       100%        2
 Momentum Strike          Conj/Tloc      0%         3d8       100%        2
 Hailstorm                Conj/Ice       0%         3d3       100%        3
 Ice Form                 Ice/Tmut       0%         N/A       100%        4
 Leda's Liquefaction      Hex/Erth       0%         N/A       100%        4
 Fireball                 Conj/Fire      0%         3d3       100%        5
 Iskenderun's Battlesphe  Conj           0%         2d6       100%        5
 Lee's Rapid Deconstruct  Erth           0%         3d4*      100%        5
 Conjure Ball Lightning   Conj/Air       0%         3x3d6     100%        6
 Statue Form              Tmut/Erth      0%         N/A       100%        6
 Orb of Destruction       Conj           0%         9d5       100%        7
 Simulacrum               Ice/Necr       Unusable   N/A       N/A         6

Dungeon Overview and Level Annotations

Branches:
Dungeon (6/15)             Temple (1/1) D:4

Altars:
Ashenzari
Dithmenos
Elyvilon
Fedhas
Gozag
Hepliaklqana
Makhleb
Nemelex Xobeh
Okawaru
Qazlal
Trog
Vehumet
Wu Jian
Xom
Zin

Shops:
D:2 *   D:4 ?   D:5 !

Annotations:
D:5 3 runed translucent doors, aloneDruid's ghost, novice OpTm; playitsafe's ghost, novice OpEn; rasy's ghost, amateur DsFE


Innate Abilities, Weirdness & Mutations

You have a pair of horns on your head.
You reflexively headbutt those who attack you in melee.


Message History

The orc warrior hits you from afar with a +0 glaive.
You gain the combat prowess of a mighty hero.
The orc warrior closely misses you.
The orc warrior hits you with a +0 glaive.
You closely miss the orc warrior. The orc warrior barely misses you.
You hit the orc warrior.
You headbutt the orc warrior, but do no damage.
The orc warrior is lightly wounded.
You block the orc warrior's attack.
You hit the orc warrior.
The orc warrior is lightly wounded.
The orc warrior closely misses you. You furiously retaliate!
You headbutt the orc warrior. You barely miss the orc warrior.
Your headbutt misses the orc warrior.
The orc warrior is moderately wounded.
The orc warrior hits you with a +0 glaive.
You slash the orc warrior! Your headbutt misses the orc warrior.
The orc warrior is severely wounded.
The orc warrior hits you with a +0 glaive!
* * * LOW HITPOINT WARNING * * *
You hit the orc warrior but do no damage.
The orc warrior is severely wounded.
You block the orc warrior's attack.
You barely miss the orc warrior.
The orc warrior is severely wounded.
You block the orc warrior's attack.
You hit the orc warrior.
The orc warrior is almost dead.
You slash the orc warrior!
You kill the orc warrior!
Okawaru accepts your kill.
You feel like a meek peon again.
An orc wizard comes into view. It is wielding a +0 dagger.
Things that are here:
a +0 glaive; a +0 chain mail The orc wizard shouts!
An orc comes into view. It is wielding a +0 hand axe.
The orc wizard casts a spell at you. The magic dart hits you!
You die...

#........# #######.###
.....##.### #....... ####....
##... #.##### #.?.
#.....#####################...
#.......)@.....oo.....$o..
#######################...
####


You could see an orc wizard and an orc (wandering).

Vanquished Creatures
  Menkaure (D:4)
  A water moccasin (D:6)
  2 orc warriors (D:6)
  2 ice beasts (D:5)
  An ogre (D:5)
  Blork the orc (D:5)
  A scorpion (D:5)
  3 hounds
  2 jellies (D:5)
  Terence (D:2)
  2 iguanas
  An orc wizard (D:6)
  Robin (D:2)
  4 gnolls (D:3)
  10 adders
  A shadow imp (D:5)
  A white imp (D:5)
  A dart slug (D:2)
  6 orcs
  6 ball pythons
  3 bats (D:1)
  8 endoplasms
  3 giant cockroaches
  17 goblins
  6 hobgoblins
  8 jackals
  8 quokkas
  3 frilled lizards
  4 kobolds
  7 rats
115 creatures vanquished.

Notes
Turn   | Place    | Note
-------+----------+-------------------------------------------
     0 | D:1      | Peloso the Minotaur Fighter began the quest for the Orb.
     0 | D:1      | Reached XP level 1. HP: 19/19 MP: 0/0
   188 | D:1      | Reached XP level 2. HP: 25/27 MP: 1/1
   955 | D:1      | Reached XP level 3. HP: 32/33 MP: 2/2
  1269 | D:2      | Noticed Terence
  1286 | D:2      | Killed Terence
  1467 | D:2      | Reached XP level 4. HP: 40/40 MP: 3/3
  1615 | D:2      | Found Kaesyb's Assorted Antiques.
  1628 | D:2      | Noticed Robin
  1644 | D:2      | Reached skill level 1 in Dodging
  1649 | D:2      | Killed Robin
  1663 | D:2      | Bought a scroll labelled OQIBBEFEYFAR for 31 gold pieces
  1663 | D:2      | Bought a scroll labelled NONA TYOMO for 31 gold pieces
  1813 | D:2      | Reached XP level 5. HP: 46/46 MP: 4/4
  2727 | D:2      | Bought a scroll labelled NONA TYOMO for 31 gold pieces
  2727 | D:2      | Bought a scroll labelled MUIPIA NAWA for 31 gold pieces
  2872 | D:4      | Noticed Menkaure
  2896 | D:3      | Reached XP level 6. HP: 41/55 MP: 5/5
  2963 | D:4      | Killed Menkaure
  2964 | D:4      | Reached skill level 5 in Fighting
  2964 | D:4      | Reached skill level 5 in Long Blades
  2964 | D:4      | Reached skill level 5 in Armour
  3219 | D:4      | Found a burning altar of Makhleb.
  3219 | D:4      | Noticed a green death
  3222 | D:4      | Noticed a hellwing
  3222 | D:4      | Noticed a smoke demon
  3406 | D:4      | Found Kesaraaj's Magic Scroll Shoppe.
  3491 | D:2      | Bought a scroll labelled KUASTR IFADDAONK for 31 gold
                  | pieces
  3581 | D:4      | Found a hazy altar of Hepliaklqana.
  3586 | D:4      | Found a white marble altar of Elyvilon.
  3586 | D:4      | Found an ornate altar of the Wu Jian Council.
  3599 | D:4      | Found a broken altar of Ashenzari.
  3611 | D:4      | Found a radiant altar of Vehumet.
  3743 | D:4      | Found a staircase to the Ecumenical Temple.
  3751 | Temple   | Entered the Ecumenical Temple
  3825 | Temple   | Became a worshipper of Warmaster Okawaru
  3929 | D:5      | Entered Level 5 of the Dungeon
  4338 | D:5      | Found a glowing silver altar of Zin.
  4338 | D:5      | Noticed an ice beast
  4345 | D:5      | Killed an ice beast
  4346 | D:5      | Reached XP level 7. HP: 61/61 MP: 6/6
  4433 | D:5      | Noticed Blork the orc
  4440 | D:5      | Killed Blork the orc
  4528 | D:5      | Reached * piety under Okawaru
  4606 | D:5      | Found Jeisobip's Distillery.
  4649 | D:5      | Found a runed translucent gate.
  4649 | D:5      | Found a runed translucent gate.
  4650 | D:5      | Found a runed translucent gate.
  4651 | D:5      | Noticed playitsafe's ghost (novice OpEn)
  4651 | D:5      | Noticed rasy's ghost (amateur DsFE)
  4651 | D:5      | Noticed aloneDruid's ghost (novice OpTm)
  5104 | D:5      | Bought a potion of mutation for 80 gold pieces
  5183 | D:5      | Identified a scroll of acquirement
  5242 | D:6      | Reached ** piety under Okawaru
  5257 | D:6      | Found a bloodstained altar of Trog.
  5271 | D:6      | Reached skill level 5 in Shields
  5271 | D:6      | Reached XP level 8. HP: 59/70 MP: 7/7
  5441 | D:6      | Killed from afar by an orc wizard

Illustrated notes

Levels and vault maps discovered:
D:1:      erik_arrival_cave_to_civilisation [erik_arrival_cave_to_hall],
          layout_basic, serial_co_window_serial, co_window_corner_a,
          co_window_paths_a, co_window_paths_b, co_window_paths_b,
          co_window_paths_a, co_window_paths_a, co_window_corner_a,
          co_window_paths_a, co_window_corner_a, co_window_broadway_c,
          co_window_unsneaky_path_b, co_window_unsneaky_path_c,
          co_window_of_opportunity_b, co_window_of_opportunity_c,
          co_window_corner_b, glass_columns_a, glass_columns_a, glass_columns_a
D:2:      layout_rooms, serial_shops, nicolae_shop_tiny_glass, uniq_terence,
          uniq_robin
D:3:      layout_loops_ring, grunt_ministairs_5, minmay_crystal_water
D:4:      layout_loops_ring, makhleb_altar_promises_db,
          minmay_overflow_temple_star_hex, minmay_temple_entry_offerings,
          serial_shops, nicolae_shop_back_alley_shop, uniq_menkaure
D:5:      layout_basic, marbit_many_paths, serial_shops,
          nicolae_inconvenience_store, gammafunk_ghost_cemetery,
          uniq_blork_the_orc
D:6:      layout_rooms, nzn_overflow_gifts_of_might_and_magic,
          lemuel_coloured_pillars_altar, mainiacjoe_overflow_tiny_flanked,
          enter_ossuary_4
Temple:   nicolae_temple_bog_church

Skill      XL: |  1  2  3  4  5  6  7  8 |
---------------+-------------------------+-----
Fighting       | 4 5 6 |  6.2
Shields        | 4 5 |  5.2
Armour         | 4 5 6 7 |  7.4
Long Blades    | 3 4 6 7 |  7.7
Dodging        | 1 2 |  2.6
Stealth        | |  0.4
Unarmed Combat | |  0.1
Invocations    | |  0.1
Evocations     | |  0.2

Action                     |  1- 3 |  4- 6 |  7- 9 || total
---------------------------+-------+-------+-------++-------
  Melee: Long sword        |    70 |   189 |    75 ||   334
         Headbutt          |     7 |    32 |    11 ||    50
         Unarmed           |     4 |       |       ||     4
 Invoke: Heroism           |       |       |     1 ||     1
  Evoke: Wand              |       |       |     3 ||     3
    Use: Scroll            |       |       |    11 ||    11
         Potion            |       |       |     4 ||     4
 Armour: Scale mail        |    22 |       |       ||    22
         Chain mail        |     2 |    84 |    14 ||   100
         Plate armour      |       |       |    14 ||    14
  Dodge: Dodged            |    41 |    58 |    17 ||   116
  Block: Buckler           |    19 |    38 |       ||    57
         Kite shield       |       |    27 |    37 ||    64
